 Dungeon Crawl Stone Soup version 0.31.0-32-g396128a36d (webtiles) character file.

Game seed: 5118043899105593281

74348 Zeor the Eclecticist (level 15, -12/71 (78) HPs)
             Began as a Deep Elf Conjurer on Apr 16, 2024.
             Was a High Priest of Vehumet.
             Mangled by a large slime creature (27 damage)
             ... on level 14 of the Dungeon on Apr 17, 2024.
             The game lasted 01:59:42 (26938 turns).

Zeor the Eclecticist (Deep Elf Conjurer)           Turns: 26938, Time: 01:59:43

HP:   -12/71 (78)   AC: 17    Str:  4    XL:     15   Next: 6%
MP:   24/39         EV: 14    Int: 34    God:    Vehumet [*****.]
Gold: 812           SH: 12    Dex: 13    Spells: 2/50 levels left

rFire   . . .        b - staff of alchemy
rCold   + + .        f - +2 buckler of Mefyssos {rElec rC+}
rNeg    + . .        D - +3 leather armour {rN+}
rPois   +            A - +2 helmet {Int+3}
rElec   +            U - +1 cloak
rCorr   .            m - +1 pair of gloves
SInv    .            k - +2 pair of boots
Will    +....        w - amulet of reflection
Stlth   +++          p - ring of protection from cold
HPRegen 0.31/turn    N - ring of wizardry
MPRegen 0.26/turn

%: reflection, wizardry (x1)
@: about to teleport, marked, drained
A: no striking features
a: Renounce Religion


You were on level 14 of the Dungeon.
You worshipped Vehumet.
Vehumet was extremely pleased with you.
You visited 4 branches of the dungeon, and saw 22 of its levels.

You collected 1751 gold pieces.
You spent 939 gold pieces at shops.

Inventory:

Hand Weapons
 a - the +8 rapier "Marghohe" {freeze, +Blink Will+}
   (You bought it in a shop on level 2 of the Orcish Mines)

   Will+:     It increases your willpower.
   +Blink:    It lets you blink.
 T - the +8 trident of the Octopus King {venom, rElec rPois}
   (You found it on level 9 of the Dungeon)

   rElec:     It insulates you from electricity.
   rPois:     It protects you from poison
Missiles
 F - 5 curare-tipped darts
Armour
 f - the +2 buckler of Mefyssos (worn) {rElec rC+}
   (You acquired it on level 7 of the Dungeon)

   rC+:       It protects you from cold.
   rElec:     It insulates you from electricity.
 k - a +2 pair of boots (worn)
 m - a +1 pair of gloves (worn)
 v - a +2 leather armour of fire resistance
 A - a +2 helmet of intelligence (worn)
 D - a +3 leather armour of positive energy (worn)
 R - a +2 robe of cold resistance
 U - a +1 cloak (worn)
Magical Staves
 b - a staff of alchemy (weapon)
 c - a staff of earth
Jewellery
 g - an amulet of magic regeneration
 i - a ring of ice
 p - a ring of protection from cold (left hand)
 w - an amulet of reflection (around neck)
 x - a ring of flight
 N - a ring of wizardry (right hand)
Wands
 t - a wand of polymorph (9)
 y - a wand of digging (7)
 H - a wand of mindburst (11)
 W - a wand of paralysis (4)
Scrolls
 o - 3 scrolls of revelation
 r - 3 scrolls of immolation
 s - 6 scrolls of teleportation
 u - 4 scrolls of blinking
 B - a scroll of butterflies
 C - 5 scrolls of enchant weapon
 E - 3 scrolls of vulnerability
 G - 3 scrolls of fear
 K - a scroll of poison
 M - 4 scrolls of fog
 O - 3 scrolls of identify
Potions
 d - a potion of cancellation
 e - 2 potions of resistance
 h - 5 potions of haste
 j - 4 potions of mutation
 l - 5 potions of brilliance
 n - a potion of lignification
 q - 2 potions of enlightenment
 z - 3 potions of attraction
 I - a potion of berserk rage
 J - 4 potions of ambrosia
 L - 9 potions of curing
 P - a potion of invisibility
 S - 3 potions of heal wounds
Miscellaneous
 Q - a lightning rod (4/4)
 V - a phial of floods


   Skills:
 + Level 3.3 Fighting
 + Level 2.0 Short Blades
 + Level 1.2 Polearms
 + Level 0.4(1.2) Staves
 + Level 4.0 Armour
 * Level 10.9 Dodging
 + Level 5.1 Stealth
 + Level 5.8 Shields
 * Level 18.4 Spellcasting
 * Level 15.1 Conjurations
 + Level 3.5 Translocations
 + Level 8.7 Fire Magic
 + Level 4.8 Ice Magic
 + Level 1.3 Air Magic
 + Level 1.9 Alchemy
 + Level 9.2 Evocations


You had 2 spell levels left.
You knew the following spells:

 Your Spells              Type           Power      Damage    Failure   Level
a - Stone Arrow           Conj/Erth      100%       3d13      1%          3
b - Iskenderun's Battles  Conj           94%        2d14      1%          5
c - Freezing Cloud        Conj/Ice/Air   34%        6-21      1%          5
d - Magic Dart            Conj           100%       1d8       0%          1
h - Hailstorm             Conj/Ice       78%        3d13      1%          3
m - Iskenderun's Mystic   Conj/Tloc      76%        2d15      1%          4
o - Orb of Destruction    Conj           47%        9d12      1%          7
p - Fulminant Prism       Conj/Alch      47%        3d21      1%          4
r - Searing Ray           Conj           100%       2d8       0%          2
s - Scorch                Fire           100%       2d9       1%          2
w - Flame Wave            Conj/Fire      85%        2d18      1%          4
B - Brom's Barrelling Bo  Conj/Erth      70%        2d8       1%          4
C - Mephitic Cloud        Conj/Alch/Air  83%        N/A       1%          3
F - Freeze                Ice            100%       1d10      1%          1

Your spell library contained the following spells:

 Spells                   Type           Power      Damage    Failure   Level
 Starburst                Conj/Fire      42%        6d12      1%          6
 Shock                    Conj/Air       100%       1d9       1%          1
 Blink                    Tloc           100%       N/A       1%          2
 Lesser Beckoning         Tloc           100%       N/A       1%          2
 Mercury Vapours          Alch/Air       100%       N/A       1%          2
 Momentum Strike          Conj/Tloc      100%       3d10      1%          2
 Dazzling Flash           Conj/Hex       100%       N/A       1%          3
 Frozen Ramparts          Ice            100%       1d16      1%          3
 Summon Ice Beast         Ice/Summ       47%        N/A       1%          3
 Fireball                 Conj/Fire      42%        3d17      1%          5
 Conjure Ball Lightning   Conj/Air       36%        3x3d12    1%          6
 Swiftness                Air            40%        N/A       2%          3
 Airstrike                Air            20%        2d(3-19)  2%          4
 Summon Blazeheart Golem  Fire/Summ      57%        N/A       2%          4
 Spellforged Servitor     Conj/Summ      35%        N/A       12%         7
 Animate Armour           Summ/Erth      62%        N/A       13%         4
 Cause Fear               Hex            15%        N/A       13%         4
 Alistair's Intoxication  Alch           40%        N/A       16%         5
 Summon Forest            Summ/Tloc      21%        N/A       17%         5
 Eringya's Noxious Bog    Alch           30%        4d6       21%         6
 Silence                  Hex/Air        17%        N/A       26%         5
 Borgnjor's Vile Clutch   Necr/Erth      15%        N/A       34%         5
 Curse of Agony           Necr           31%        N/A       34%         5
 Summon Mana Viper        Hex/Summ       31%        N/A       34%         5
 Sculpt Simulacrum        Ice/Alch       34%        N/A       43%         6
 Lehudib's Crystal Spear  Conj/Erth      35%        10d9      58%         8
 Summon Cactus Giant      Summ           15%        N/A       87%         6
 Dragon's Call            Summ           15%        N/A       100%        9


Dungeon Overview and Level Annotations

Branches:
Dungeon (14/15)            Temple (1/1) D:6            Lair (5/5) D:10
  Swamp (0/4) Lair:2       Spider (0/4) Lair:3        Slime (0/5) Lair:5
    Orc (2/2) D:9             Elf (0/3) Orc:2
 Vaults: D:13-14

Altars:
Ashenzari
Cheibriados
Dithmenos
Elyvilon
Fedhas
Gozag
Hepliaklqana
Kikubaaqudgha
Makhleb
Nemelex Xobeh
Okawaru
Qazlal
Ru
Sif Muna
Trog
Uskayaw
Vehumet
Wu Jian
Xom
Yredelemnul
Zin
The Shining One

Shops:
D:2 *   D:5 [   D:8 :   D:14 (   Orc:2 (!=(*?(

Annotations:
D:5 1 runed translucent door, newgorp's ghost, novice HuHW
D:6 2 transporters, DemonSlayer's ghost, novice DsEE
D:11 2 runed translucent doors, hawla's ghost, journeyman DEFE


Message History

You partially resist.
You feel drained.
A human comes into view.
The slime creature hits you!
A wave of flame ripples out!
The flame wave engulfs the vault guard!
The vault guard is heavily wounded.
The flame wave engulfs the slime creature!
The slime creature is almost dead.
The flame wave engulfs the vault guard!!
The vault guard is burned terribly!
The vault guard is moderately wounded.
The flame wave engulfs the vault guard!!
The vault guard is moderately wounded.
The flame wave engulfs the slime creature!!
The slime creature is moderately wounded.
The vault guard hits you with a +1 great mace of draining!!
You partially resist.
You feel drained.
Two slime creatures merge to form a large slime creature.
A vault guard comes into view. It is wielding a +1 battleaxe.
A wave of flame ripples out!
The flame wave engulfs the vault guard!
The vault guard is heavily wounded.
The flame wave engulfs the large slime creature!!
The large slime creature is almost dead.
The flame wave engulfs the vault guard!!
The vault guard is burned terribly!
The vault guard is severely wounded.
The flame wave engulfs the vault guard!!
The vault guard is severely wounded.
The flame wave engulfs the vault guard!!
The vault guard is moderately wounded.
The vault guard is no longer more vulnerable to fire.
The vault guard hits you with a +1 great mace of draining!
* * * LOW HITPOINT WARNING * * *
You partially resist.
You feel drained.
* * * LOW HITPOINT WARNING * * *
As you read the scroll of teleportation, it crumbles to dust.
You feel strangely unstable.
The vault guard hits you with a +1 great mace of draining.
* * * LOW HITPOINT WARNING * * *
You partially resist.
You feel drained. The large slime creature hits you!!
You die...

▒▒▒▒▒▒▒ ▒∙∙∙∙∙▒▒
▒▒▒'▒▒▒∙∙▒ ▒~~∙~~▒▒∙▒▒▒▒▒▒
▒~▒∙▒~▒∙∙∙∙∙▒∙▒▒▒▒▒
▒▒▒▒▒▒~∙∩∙~▒∙∙∙∙∙∙∙∙∙∙∙▒
∙∙∙∙∙▒~▒∙▒~▒∙∙∙∙e∙∙∙∙▒∙▒▒▒
▒▒▒▒▒▒~~~~~▒▒▒▒▒pJ∙!∙∙∙∙∙∙
▒▒▒▒▒▒▒▒∙∙∙pp▒p▒▒▒∙▒▒▒▒
▒∙▒∙▒▒∙∙∙∙∙▒p∙∙J∙∙∙∙∙∙▒
▒∙▒∙▒▒∙▒∙▒∙▒p▒▒▒▒▒∙▒▒∙J∙∙∙
▒∙▒∙▒▒∙▒∙▒∙▒p▒ ▒∙▒ ∙▒▒
▒∙▒∙▒▒∙∙∙▒∙▒∙▒ ▒∙∙
▒)▒∙▒▒∙∙▒▒∙▒∙▒ ▒▒▒∙
▒∙∙∙∙▒∙∙▒∙∙p∙▒▒∙∙∙ ∙∙


You could see 5 vault guards, a large slime creature, a slime creature and 2
humans.

Vanquished Creatures
  Rupert (D:14)
  An eleionoma (Lair:2)
  A vault guard (D:14)
  2 hydras
  2 catoblepae (Lair:3)
  3 centaur warriors
  6 death yaks (Lair:2)
  2 boulder beetles (D:12)
  2 two-headed ogres
  The ghost of JeszeEnbee the Toxicologist, a novice MfAl of Wu Jian (D:9)
  3 orc high priests (Orc:2)
  Urug (Lair:2)
  Sonja (Lair:4)
  A skyshark (Lair:5)
  14 spriggans (Lair:5)
  A lindwurm (Lair:5)
  An orange crystal statue (D:11)
  2 deep elf pyromancers (D:13)
  2 ugly things (D:13)
  4 oklob plants (Lair:1)
  5 orc knights
  5 orc sorcerers
  A cyclops (D:12)
  A manticore (D:11)
  3 meliai (D:14)
  7 kobold blastminers
  8 elephants
  3 black mambas
  14 cane toads
  3 gargoyles
  10 komodo dragons
  2 kobold demonologists (D:9)
  An unseen horror (D:12)
  3 rime drakes
  5 hornets (Lair:5)
  6 trolls
  5 polar bears
  9 blink frogs
  A dream sheep (Lair:5)
  Sigmund (D:5)
  2 slime creatures (D:13)
  A spriggan (shapeshifter) (D:13)
  2 shadows
  2 wraiths
  A vampire (D:12)
  9 wyverns
  51 yaks
  A human (shapeshifter) (D:13)
  2 humans (D:14)
  A golden eye (shapeshifter) (D:13)
  2 steam dragons (D:7)
  5 wargs
  2 redbacks (Lair:3)
  Menkaure (D:6)
  4 basilisks
  Edmund (D:6)
  3 acid dragons
  12 water moccasins
  A sky beast (D:8)
  14 orc warriors
  10 ice beasts
  3 black bears
  3 ogres
  4 boggarts (Lair:5)
  26 wolves
  2 phantoms
  13 centaurs
  8 kobold brigands (D:9)
  13 bullfrogs
  2 scorpions
  5 wights (D:8)
  21 killer bees
  A howler monkey (D:11)
  5 electric eels (Lair:4)
  A bombardier beetle (D:7)
  4 lava snakes (D:11)
  16 orc priests
  2 hounds
  A jelly (D:5)
  A sleepcap (D:4)
  Ijyb (D:3)
  An iguana (D:6)
  22 orc wizards
  Robin (D:2)
  5 adders
  3 white imps
  4 ufetubi
  A ribbon worm (D:3)
  4 dart slugs
  53 orcs
  8 endoplasms
  2 giant cockroaches
  8 hobgoblins
  6 jackals
  10 kobolds
  2 quokkas
  3 ball pythons
  2 bats
  5 frilled lizards
  20 goblins
  4 rats
567 creatures vanquished.

Vanquished Creatures (collateral kills)
  A boulder (D:14)
1 creature vanquished.

Vanquished Creatures (others)
  An orc knight (Orc:2)
  A human (D:14)
  4 boulders (D:14)
  41 fulminant prisms
47 creatures vanquished.

Grand Total: 615 creatures vanquished

Notes
Turn   | Place    | Note
-------+----------+-------------------------------------------
     0 | D:1      | Zeor the Deep Elf Conjurer began the quest for the Orb.
     0 | D:1      | Reached XP level 1. HP: 10/10 MP: 6/6
   205 | D:1      | Reached XP level 2. HP: 15/15 MP: 6/8
   208 | D:1      | Learned a level 2 spell: Searing Ray
   367 | D:1      | Reached skill level 5 in Conjurations
   465 | D:1      | Learned a level 2 spell: Scorch
   730 | D:2      | Noticed Robin
   787 | D:2      | Reached XP level 3. HP: 19/19 MP: 7/9
  1012 | D:2      | Learned a level 3 spell: Hailstorm
  1013 | D:2      | Found Urummad's Assorted Antiques.
  1403 | D:2      | Killed Robin
  1406 | D:2      | Reached XP level 4. HP: 24/24 MP: 2/10
  1738 | D:3      | Found a glowing golden altar of the Shining One.
  1856 | D:3      | Found a shimmering altar of Xom.
  2036 | D:3      | Found an ancient bone altar of Kikubaaqudgha.
  2066 | D:3      | Identified the +1 robe of Piepn {rF+}
  2195 | D:3      | Noticed Ijyb
  2283 | D:3      | Killed Ijyb
  2284 | D:3      | Reached skill level 4 in Spellcasting
  2284 | D:3      | Reached XP level 5. HP: 25/28 MP: 1/13
  2589 | D:4      | Found a burning altar of Makhleb.
  2840 | D:4      | Reached XP level 6. HP: 32/32 MP: 12/14
  3315 | D:4      | Reached skill level 5 in Spellcasting
  3655 | D:4      | Reached skill level 1 in Short Blades
  3894 | D:5      | Entered Level 5 of the Dungeon
  3910 | D:5      | Noticed Sigmund
  3930 | D:5      | Killed Sigmund
  3931 | D:5      | Reached skill level 1 in Armour
  3931 | D:5      | Reached XP level 7. HP: 18/36 MP: 0/17
  4050 | D:5      | Found Ixigumom's Armour Emporium.
  4137 | D:5      | Found a sparkling altar of Nemelex Xobeh.
  4505 | D:5      | Reached skill level 6 in Spellcasting
  4505 | D:5      | Reached skill level 1 in Fire Magic
  4700 | D:5      | Identified the +0 chain mail of the Fiddle {-Cast Fly rN+
                  | Dex+6}
  4866 | D:5      | Found a runed translucent door.
  4866 | D:5      | Noticed newgorp's ghost (novice HuHW)
  5032 | D:6      | Noticed Menkaure
  5100 | D:5      | Bought a +2 helmet of intelligence for 279 gold pieces
  5194 | D:6      | Killed Menkaure
  5195 | D:6      | Reached skill level 7 in Spellcasting
  5195 | D:6      | Reached XP level 8. HP: 3/41 MP: 12/20
  5396 | D:6      | Noticed Edmund
  5405 | D:6      | Killed Edmund
  5442 | D:6      | Found a broken altar of Ashenzari.
  5466 | D:6      | Found a staircase to the Ecumenical Temple.
  5489 | Temple   | Entered the Ecumenical Temple
  5510 | Temple   | Became a worshipper of Vehumet
  5554 | D:6      | Found a transporter.
  5577 | D:6      | Reached skill level 5 in Dodging
  5723 | D:6      | Noticed DemonSlayer's ghost (novice DsEE)
  5864 | D:6      | Found a transporter.
  6003 | D:7      | Identified a scroll of acquirement
  6004 | D:7      | Acquired the +2 buckler of Mefyssos {rElec rC+}
  6141 | D:7      | Reached skill level 8 in Spellcasting
  6147 | D:7      | Reached skill level 1 in Shields
  6249 | D:7      | Found a bloodstained altar of Trog.
  6250 | D:7      | Found a sacrificial altar of Ru.
  6348 | D:7      | Reached XP level 9. HP: 45/45 MP: 19/23
  6597 | D:7      | Reached skill level 9 in Spellcasting
  7065 | D:7      | Learned a level 4 spell: Flame Wave
  7132 | D:8      | Noticed a two-headed ogre
  7159 | D:8      | Killed a two-headed ogre
  7160 | D:8      | Reached skill level 5 in Stealth
  7183 | D:8      | Reached * piety under Vehumet
  7183 | D:8      | Offered knowledge of Freeze by Vehumet.
  7211 | D:8      | Reached skill level 10 in Spellcasting
  7253 | D:8      | Reached skill level 5 in Fire Magic
  7363 | D:8      | Reached skill level 1 in Fighting
  7451 | D:8      | Learned a level 1 spell: Freeze
  7572 | D:8      | Reached XP level 10. HP: 52/52 MP: 12/26
  7731 | D:8      | Found Iruky's Book Boutique.
  7964 | D:8      | Found a shadowy altar of Dithmenos.
  8048 | D:9      | Found the +8 trident of the Octopus King {venom, rElec
                  | rPois}
  8179 | D:9      | Reached ** piety under Vehumet
  8193 | D:9      | Offered knowledge of Sandblast by Vehumet.
  8512 | D:9      | Noticed a two-headed ogre
  8519 | D:9      | Learned a level 4 spell: Iskenderun's Mystic Blast
  8537 | D:9      | Killed a two-headed ogre
  8538 | D:9      | Reached skill level 1 in Evocations
  8757 | D:9      | Learned a level 4 spell: Fulminant Prism
  8774 | D:9      | Reached skill level 11 in Spellcasting
  8879 | D:9      | Found a hide-covered altar of Uskayaw.
  8898 | D:9      | Reached skill level 1 in Ice Magic
  9248 | D:9      | Found a staircase to the Orcish Mines.
  9516 | D:9      | Found a runed translucent gate.
  9516 | D:9      | Found a runed translucent gate.
  9516 | D:9      | Found a runed translucent gate.
  9517 | D:9      | Noticed JeszeEnbee's ghost (novice MfAl)
 10181 | D:10     | Entered Level 10 of the Dungeon
 10192 | D:10     | Reached skill level 10 in Conjurations
 10366 | D:10     | Offered knowledge of Dazzling Flash by Vehumet.
 10431 | D:9      | Learned a level 3 spell: Dazzling Flash
 10444 | D:10     | Reached XP level 11. HP: 56/56 MP: 16/28
 10692 | D:10     | Found a staircase to the Lair.
 10759 | D:10     | Reached *** piety under Vehumet
 11302 | D:10     | Found a basalt altar of Yredelemnul.
 11370 | Lair:1   | Entered Level 1 of the Lair of Beasts
 11456 | Lair:1   | Offered knowledge of Frozen Ramparts by Vehumet.
 11457 | Lair:1   | Reached skill level 12 in Spellcasting
 11459 | Lair:1   | Reached skill level 5 in Evocations
 11607 | D:10     | Reached skill level 5 in Shields
 11611 | D:10     | Learned a level 3 spell: Frozen Ramparts
 11930 | Lair:1   | Reached skill level 1 in Alchemy
 12062 | Lair:1   | Reached **** piety under Vehumet
 12243 | Lair:1   | Reached skill level 13 in Spellcasting
 12296 | Lair:1   | Noticed an oklob plant
 12300 | Lair:1   | Noticed an oklob plant
 12390 | Lair:1   | Learned a level 7 spell: Orb of Destruction
 12514 | Lair:1   | Reached XP level 12. HP: 54/61 MP: 17/31
 13381 | Lair:1   | Identified the +1 ring mail of Daffodils {Fly Str+3 Int+2}
 13808 | Lair:2   | Noticed Urug
 13832 | Lair:2   | Killed Urug
 13833 | Lair:2   | Reached skill level 14 in Spellcasting
 14072 | Lair:2   | Learned a level 3 spell: Mephitic Cloud
 14121 | Lair:2   | Found a staircase to the Swamp.
 14121 | Lair:2   | Noticed an eleionoma
 14377 | Lair:2   | Killed an eleionoma
 14378 | Lair:2   | Reached skill level 1 in Polearms
 14439 | Lair:2   | Noticed a death yak
 14455 | Lair:2   | Killed a death yak
 14469 | Lair:2   | Noticed a death yak
 14548 | Lair:2   | Noticed a death yak
 14549 | Lair:2   | Noticed a death yak
 14549 | Lair:2   | Noticed a death yak
 14550 | Lair:2   | Noticed a death yak
 14575 | Lair:2   | Killed a death yak
 14579 | Lair:2   | Killed a death yak
 14580 | Lair:2   | Killed a death yak
 14580 | Lair:2   | Killed a death yak
 14584 | Lair:2   | Killed a death yak
 14936 | Lair:3   | Found a hole to the Spider Nest.
 15074 | Lair:3   | Offered knowledge of Volatile Blastmotes by Vehumet.
 15212 | Lair:3   | Noticed a catoblepas
 15244 | Lair:3   | Killed a catoblepas
 15245 | Lair:3   | Reached XP level 13. HP: 46/68 MP: 23/33
 15388 | Lair:3   | Reached skill level 15 in Spellcasting
 15874 | Lair:3   | Learned a level 5 spell: Freezing Cloud
 16350 | Lair:4   | Noticed Sonja
 16351 | Lair:4   | Reached skill level 1 in Translocations
 16373 | Lair:4   | Killed Sonja
 17553 | Lair:5   | Entered Level 5 of the Lair of Beasts
 18204 | Lair:5   | Reached ***** piety under Vehumet
 18473 | Lair:5   | Offered knowledge of Sticky Flame by Vehumet.
 18479 | Lair:5   | Reached skill level 16 in Spellcasting
 18791 | Lair:5   | Found a staircase to the Slime Pits.
 19657 | Lair:5   | Reached XP level 14. HP: 74/74 MP: 17/36
 19822 | Lair:5   | Learned a level 5 spell: Iskenderun's Battlesphere
 20546 | Orc:1    | Entered Level 1 of the Orcish Mines
 21269 | Orc:2    | Entered Level 2 of the Orcish Mines
 21415 | Orc:2    | Found a staircase to the Elven Halls.
 21522 | Orc:2    | Found Kysuth Jodo's Weapon Shoppe.
 21854 | Orc:2    | Reached skill level 10 in Dodging
 21976 | Orc:2    | Reached skill level 17 in Spellcasting
 22263 | Orc:2    | Found Tyoqow's Distillery.
 22267 | Orc:2    | Bought a potion of heal wounds for 80 gold pieces
 22267 | Orc:2    | Bought a potion of brilliance for 64 gold pieces
 22267 | Orc:2    | Bought a potion of haste for 160 gold pieces
 22276 | Orc:2    | Found Votsifex's Antique Weapon Shoppe.
 22322 | Orc:2    | Found Tummel's Weapon Shop.
 22322 | Orc:2    | Found Ufuheqih's Jewellery Shop.
 22323 | Orc:2    | Found Pull's Assorted Antiques.
 22360 | Orc:2    | Found Ynutuwego's Magic Scroll Emporium.
 22384 | Orc:2    | Bought a scroll of identify for 26 gold pieces
 22392 | Orc:2    | Bought a scroll of teleportation for 60 gold pieces
 22392 | Orc:2    | Bought a scorched rapier for 180 gold pieces
 22392 | Orc:2    | Identified the +8 rapier "Marghohe" {freeze, +Blink Will+}
                  | (You bought it in a shop on level 2 of the Orcish Mines)
 22392 | Orc:2    | Bought a cloak for 90 gold pieces
 22789 | D:11     | Offered knowledge of Starburst by Vehumet.
 22973 | D:11     | Found a large runed translucent door.
 22974 | D:11     | Found a large runed translucent door.
 22974 | D:11     | Noticed hawla's ghost (journeyman DEFE)
 23269 | D:11     | Reached skill level 1 in Air Magic
 24034 | D:12     | Found a hide-covered altar of Uskayaw.
 25095 | D:13     | Reached skill level 18 in Spellcasting
 25700 | D:9      | Killed JeszeEnbee's ghost
 25768 | D:9      | Learned a level 4 spell: Brom's Barrelling Boulder
 26319 | D:14     | Noticed Rupert
 26344 | D:14     | Paralysed by Rupert for 3 turns
 26349 | D:14     | Killed Rupert
 26350 | D:14     | Reached skill level 15 in Conjurations
 26430 | D:14     | Reached XP level 15. HP: 51/78 MP: 39/39
 26580 | D:14     | Learned a level 3 spell: Stone Arrow
 26812 | D:14     | Identified the +7 whip of Acozesun {elec, ^Drain rC+ rCorr
                  | Dex+4}
 26893 | D:14     | Found Ycadased's Weapon Shoppe.
 26938 | D:14     | Mangled by a large slime creature

Illustrated notes

Levels and vault maps discovered:
D:1:      dpeg_arrival_snail, layout_basic, due_unseen_surprise
D:2:      layout_basic, serial_bayou, serial_bayou_pond_a, serial_bayou_pond_d,
          serial_bayou_pond_a, serial_bayou_ford_a, serial_bayou_pond_c,
          serial_shops, shop, serial_bayou_crossing, uniq_robin
D:3:      kennysheep_goblin_castle, layout_rooms, lemuel_coloured_pillars_altar,
          mainiacjoe_overflow_tiny_flanked, lemuel_crystal_altar,
          item_on_display_a
D:4:      layout_loops_ring, mainiacjoe_overflow_24_doors,
          serial_co_window_serial, co_window_paths_a, co_window_corner_a,
          co_window_paths_a, co_window_paths_b, co_window_of_opportunity_a,
          co_window_broadway_b, co_window_corner_ca, co_window_broadway_a,
          co_window_corner_cb, co_window_corner_ca, co_window_4corner_a,
          glass_columns_a, glass_columns_a, glass_columns_b, glass_columns_a,
          glass_columns_a, dk_noncrumbling_4
D:5:      layout_loops_ring, lemuel_doored_altar, serial_shops,
          nicolae_shop_tiny_real_fake_doors, gammafunk_ghost_grave, uniq_sigmund
D:6:      layout_loops_ring, mainiacjoe_overflow_alcove_4,
          minmay_temple_entry_stoned_glass, gammafunk_ghost_stat_death,
          uniq_edmund, uniq_menkaure
D:7:      layout_basic, nicolae_overflow_two_pavilions, minmay_misc_feat_doors,
          grunt_decor_cap
D:8:      layout_rooms, mainiacjoe_overflow_chevrons, serial_shops,
          nicolae_shop_statue_plus
D:9:      layout_stronghold, mainiacjoe_overflow_alcove_2, david_orc_4,
          gammafunk_ghost_nasty_kobolds
D:10:     layout_long_grid, mainiacjoe_overflow_brackets,
          hellmonk_lair_entry_icy
D:11:     layout_irregular_city, ebering_ghost_disaster_area, disabler_island
D:12:     layout_big_octagon, eat_drink_and_be_merry_uskayaw
D:13:     layout_irregular_city
D:14:     layout_loops_ring, ximxim_vaults_locker_room, serial_shops,
          kennysheep_little_box, statue_in_the_mist_lemuel, uniq_rupert
Temple:   nicolae_temple_bog_church
Lair:1:   minmay_lair_oklob_chamber, layout_gridlike,
          chequers_serial_rivers_micro_a, infiniplex_staircase_pool,
          grunt_megastairs_1
Lair:2:   layout_cave_pods, alex1729_swamp_entry_worm_eleionoma, minivault_26,
          serial_bayou_shore_b, uniq_urug
Lair:3:   layout_gridlike, spider_nest_entry_webs, minivault_19
Lair:4:   layout_roguey, serial_bayou, serial_bayou_shore_b,
          serial_bayou_pond_d, serial_bayou_lagoon_b, serial_bayou_shore_a,
          grunt_megastairs_5, uniq_sonja
Lair:5:   minmay_lair_end_enchanted_forest, layout_cave_pods, slime_entry_1,
          chequers_serial_rivers_small_3, st_stairs_8, grunt_megastairs_3
Orc:1:    layout_diamond_mine
Orc:2:    st_orc_elflike, layout_caves, serial_shops,
          nicolae_shop_window_shopping, shop, nicolae_shop_pleasant_corner_grove

Skill      XL: |  1  2  3  4  5  6  7  8  9 10 11 12 13 14 |
---------------+-------------------------------------------+-----
Conjurations   | 5 6 7 8 10 11 12 13 15 | 15.1
Dodging        | 3 4 5 6 7 9 10 | 10.9
Stealth        | 3 4 5 |  5.1
Spellcasting   | 4 5 7 8 10 11 13 14 16 18 | 18.4
Short Blades   | 1 2 |  2.0
Armour         | 1 2 3 4 |  4.0
Fire Magic     | 2 3 5 7 8 |  8.7
Shields        | 1 3 4 5 |  5.8
Fighting       | 1 3 |  3.3
Evocations     | 4 5 7 8 9 |  9.2
Ice Magic      | 1 2 3 4 |  4.8
Alchemy        | 1 |  1.9
Polearms       | 1 |  1.2
Translocations | 2 3 |  3.5
Air Magic      | 1 |  1.3
Staves         | |  0.4

Action                     |  1- 3 |  4- 6 |  7- 9 | 10-12 | 13-15 || total
---------------------------+-------+-------+-------+-------+-------++-------
  Melee: Short sword       |     4 |    17 |    22 |       |       ||    43
         Staff             |     2 |       |     1 |     8 |     3 ||    14
         Unarmed           |       |     7 |       |       |       ||     7
         Trident           |       |       |       |    22 |    17 ||    39
   Cast: Magic Dart        |    39 |    53 |    37 |    40 |    47 ||   216
         Searing Ray       |     4 |    12 |    40 |    52 |    43 ||   151
         Hailstorm         |       |     3 |     4 |     4 |     2 ||    13
         Scorch            |       |     1 |    44 |    86 |    34 ||   165
         Flame Wave        |       |       |     3 |    27 |     5 ||    35
         Fulminant Prism   |       |       |       |    29 |    12 ||    41
         Freeze            |       |       |       |     6 |       ||     6
         Iskenderun's Myst |       |       |       |     5 |    48 ||    53
         Dazzling Flash    |       |       |       |     2 |       ||     2
         Frozen Ramparts   |       |       |       |    19 |    23 ||    42
         Orb of Destructio |       |       |       |    16 |    92 ||   108
         Mephitic Cloud    |       |       |       |     4 |     6 ||    10
         Freezing Cloud    |       |       |       |       |    40 ||    40
         Iskenderun's Batt |       |       |       |       |    39 ||    39
         Brom's Barrelling |       |       |       |       |     5 ||     5
         Stone Arrow       |       |       |       |       |     3 ||     3
  Evoke: Wand              |       |       |     1 |       |     1 ||     2
    Use: Scroll            |    12 |     5 |     4 |     7 |     9 ||    37
         Potion            |       |     1 |     3 |     5 |     1 ||    10
   Stab: Sleeping          |     2 |     1 |     2 |       |       ||     5
         Confused          |       |       |       |       |     1 ||     1
 Armour: Robe              |     4 |     8 |       |       |       ||    12
         Skin              |       |     9 |       |     2 |       ||    11
         Leather armour    |       |    22 |    95 |   115 |   109 ||   341
  Dodge: Dodged            |     7 |    21 |    72 |    98 |    40 ||   238
  Block: Other             |       |     1 |       |       |       ||     1
         Buckler           |       |       |    54 |   105 |    59 ||   218
         Reflection        |       |       |     1 |     6 |    13 ||    20
